 Dungeon Crawl Stone Soup version 0.21-a0-496-g696f58f (webtiles) character file.

37 slep the Twirler (level 3, -7/27 HPs)
             Began as a Demonspawn Gladiator on Nov 23, 2017.
             Killed by divine providence
             ... invoked by an orc priest
              (14 damage)
             ... on level 2 of the Dungeon.
             The game lasted 00:03:20 (871 turns).

slep the Twirler (Demonspawn Gladiator)              Turns: 871, Time: 00:03:20

Health: -7/27      AC:  6    Str: 14    XL:     3   Next: 23%
Magic:  3/3        EV: 11    Int:  9    God:
Gold:   64         SH:  0    Dex: 15    Spells: 2/2 levels left

rFire    . . .     SeeInvis .   a - +0 quarterstaff
rCold    . . .     Gourm    .   (shield currently unavailable)
rNeg     . . .     Faith    .   k - +0 ring mail (curse)
rPois    .         Spirit   .   c - +0 helmet
rElec    .         Reflect  .   (no cloak)
rCorr    .         Harm     .   (no gloves)
MR       +....                  (no boots)
Stlth    ++........             (no amulet)
HPRegen  0.09/turn              h - ring of protection from magic
MPRegen  0.08/turn              (no ring)

@: drained
A: nightstalker 1
a: no special abilities


You were on level 2 of the Dungeon.
You were not hungry.

You visited 1 branch of the dungeon, and saw 2 of its levels.

You collected 64 gold pieces.

Inventory:

Hand Weapons
 a - a +0 quarterstaff (weapon)
Missiles
 d - 3 throwing nets (quivered)
 m - 10 poisoned needles
Armour
 b - a +0 leather armour
 c - a +0 helmet (worn)
 k - a cursed +0 ring mail (worn)
Jewellery
 h - a ring of protection from magic (left hand)
Scrolls
 e - a scroll of remove curse {unknown}
 j - 4 scrolls of identify {unknown}
 p - a scroll of blinking {unknown}
 r - a scroll of immolation {unknown}
Potions
 g - a potion of agility {unknown}
 i - a potion of flight {unknown}
 l - a potion of curing
 n - a potion of might {unknown}
 o - a potion of mutation {unknown}
 q - a potion of lignification {unknown}
 s - a potion of cancellation {unknown}
Comestibles
 f - 4 bread rations


   Skills:
 + Level 2.2(1.7) Fighting
 + Level 3.3(2.9) Staves
 + Level 2.1(1.6) Throwing
 + Level 0.3(0.0) Armour
 + Level 3.0(2.6) Dodging


You had 2 spell levels left.
You didn't know any spells.

Dungeon Overview and Level Annotations

Branches:
Dungeon (2/15)

Altars:


Innate Abilities, Weirdness & Mutations

You are slightly more attuned to the shadows.


Message History

You closely miss the orc wizard.
The orc priest hits you but does no damage.
The orc warrior hits you with a mace.
* * * LOW HITPOINT WARNING * * *
The frilled lizard bites you but does no damage.
The orc wizard hits you with a dagger.
* * * LOW HITPOINT WARNING * * *
Unknown command.
Unknown command.
Unknown command.
It was a potion of curing.
You feel better.
The orc priest hits you but does no damage.
The orc warrior hits you with a mace.
* * * LOW HITPOINT WARNING * * *
The frilled lizard bites you but does no damage.
The orc wizard hits you but does no damage.
The orc priest invokes the aid of Beogh against you.
Beogh smites you!
Ouch! That really hurt!
You die...

#...# #...#
#)..#
######...#####
#....<........
...............
##.............
####.#....####
#.#...@#
#.#.o..#
#.#.lo.# #)og.#
.%o...#
........#
#.........
#...####.#.
.... .#..


You could see an orc warrior, an orc priest, an orc wizard, an orc, a hobgoblin
and a frilled lizard.

Vanquished Creatures
  3 dart slugs (D:1)
  A leopard gecko (D:1)
  An orc (D:2)
  2 giant cockroaches (D:1)
  4 goblins
  6 hobgoblins (D:1)
  2 bats (D:1)
  2 kobolds (D:1)
  9 rats (D:1)
30 creatures vanquished.

Notes
Turn   | Place    | Note
-------+----------+-------------------------------------------
     0 | D:1      | slep the Demonspawn Gladiator began the quest for the Orb.
     0 | D:1      | Reached XP level 1. HP: 16/16 MP: 1/1
   106 | D:1      | Gained mutation: You are slightly more attuned to the shadows. [demonic ancestry]
   106 | D:1      | Reached XP level 2. HP: 11/22 MP: 2/2
   563 | D:1      | Reached XP level 3. HP: 25/27 MP: 3/3
   862 | D:2      | Noticed an orc warrior
   868 | D:2      | HP: 1/27 [orc wizard/dagger (2)]
   871 | D:2      | Killed from afar by an orc priest

Vault maps used:
D:1:      sevenhm_arrival_forest_fort_small_6, minmay_split_cup_large
D:2:      nicolae_overflow_hidden_temple, uniq_natasha

Skill      XL: |  1  2 |
---------------+-------+-----
Throwing       | 2 |  2.1
Staves         | 3 |  3.3
Dodging        | 3 |  3.0
Fighting       | |  2.2
Armour         | |  0.3

Action                   || total
-------------------------++-------
Melee: Quarterstaff      ||    88
  Use: Potion            ||     1
Armor: Leather armour    ||     8
       Ring mail         ||    30
Dodge: Dodged            ||    85

Table legend:
 A = Spawn XP
 B = Non-spawn XP
 C = Spawn XP percentage of total XP
 D = Spawn monster count
 E = Non-spawn monster count
 F = Spawn count percentage of total count
 G = Total turns spent on level
                    A         B        C        D         E        F      G
               +---------+---------+-------+---------+---------+-------+---------
         Total |       0 |      54 |   0.0 |       0 |      30 |   0.0 |   871
               +---------+---------+-------+---------+---------+-------+---------
           D:1 |       0 |      49 |   0.0 |       0 |      28 |   0.0 |   835
           D:2 |       0 |       5 |   0.0 |       0 |       2 |   0.0 |    36
               +---------+---------+-------+---------+---------+-------+---------
